Map: Deathaura LE

Players

Iscariot

  • Race: Protoss Protoss
  • League: Diamond
  • Spawn Location: 5:00

Nerffy - Winner!

  • Race: Terran Terran
  • League: Master
  • Spawn Location: 11:00

VOD

Have the link to the VOD?

Description

Time

  • Played on: Feb. 12, 2021, 7:42 p.m.
  • Length: 11:33
Show
View Real Time Build Order
Export as new Build Order

Iscariot Protoss 

Build Orders: Blink Stalkers 

Get SALT Encoding   

  12  0:00  Probe  
  13  0:12  Probe  
  14  0:17  Pylon  
  14  0:25  Probe  
  15  0:37  Probe (Chrono Boost), Gateway  
  16  0:47  Assimilator, Probe (Chrono Boost)  
  17  0:52  Probe (Chrono Boost)  
  18  1:03  Probe (Chrono Boost)  
  19  1:13  Probe (Chrono Boost)  
  19  1:17  Probe (Chrono Boost)  
  20  1:25  Cybernetics Core  
  21  1:29  Probe  
  22  1:35  Pylon  
  22  1:41  Probe  
  23  1:53  Probe  
  24  1:57  Nexus  
  24  2:02  Stalker (Chrono Boost)  
  24  2:05  Warp Gate  
  26  2:10  Assimilator  
  26  2:17  Pylon  
  26  2:24  Stalker (Chrono Boost)  
  26  2:26  Probe  
  29  2:39  Probe  
  29  2:42  Twilight Council  
  30  2:51  Probe  
  31  2:52  Stalker  
  33  3:03  Probe  
  34  3:14  Probe  
  34  3:15  Probe  
  34  3:18  Gateway  
  34  3:19  Blink (Chrono Boost)  
  36  3:22  Gateway  
  36  3:29  Stalker  
  36  3:33  Probe  
  39  3:34  Probe  
  40  3:45  Probe  
  40  3:47  Probe  
  42  3:52  Robotics Facility  
  42  3:57  Probe  
  42  3:59  Probe  
  44  4:09  Stalker  
  47  4:10  Probe  
  47  4:13  Probe  
  48  4:19  Pylon  
  48  4:20  Stalker x2  
  48  4:22  Probe  
  53  4:29  Nexus  
  53  4:31  Probe  
  54  4:37  Stalker  
  56  4:40  Observer (Chrono Boost)  
  56  4:44  Probe  
  58  4:50  Assimilator  
  48  5:22  Stalker x3  
  48  5:25  Probe x2, Observer  
  54  5:37  Probe  
  38  5:43  Probe x2  
  38  5:48  Stalker x3  
  43  5:55  Probe (Chrono Boost)  
  43  5:57  Immortal  
  50  6:00  Probe (Chrono Boost), Shield Battery  
  50  6:01  Probe (Chrono Boost), Shield Battery  
  51  6:04  Probe (Chrono Boost)  
  51  6:08  Pylon, Probe (Chrono Boost)  
  51  6:09  Probe (Chrono Boost)  
  51  6:10  Gateway  
  52  6:12  Gateway  
  52  6:13  Probe (Chrono Boost)  
  54  6:22  Probe (Chrono Boost)  
  54  6:24  Probe (Chrono Boost)  
  57  6:29  Probe (Chrono Boost)  
  57  6:30  Stalker  
  57  6:31  Stalker  
  57  6:32  Probe x2 (Chrono Boost)  
  63  6:44  Probe x3  
  62  6:59  Probe x2  
  60  7:01  Stalker  
  60  7:02  Stalker x2  
  66  7:10  Probe  
  66  7:11  Probe x2  
  66  7:14  Pylon  
  69  7:16  Immortal (Chrono Boost)  
  74  7:22  Probe  
  74  7:23  Probe x2  
  74  7:26  Robotics Bay  
  76  7:30  Assimilator  
  76  7:35  Probe x2  
  76  7:36  Adept x2  
  82  7:37  Adept  
  82  7:42  Probe  
  85  7:47  Probe x2  
  87  7:54  Probe, Zealot x2  
  87  7:57  Observer (Chrono Boost)  
  92  8:02  Charge  
  92  8:04  Pylon  
  93  8:07  Pylon  
  93  8:18  Colossus (Chrono Boost)  
  93  8:22  Probe x2  
  93  8:25  Probe  
  96  8:34  Probe  
  96  8:36  Adept x2  
  96  8:37  Zealot x2, Adept  
  105  9:00  Stalker  
  105  9:01  Stalker  
  103  9:14  Stalker x3  
  104  9:17  Probe x2  
  92  9:40  Stalker  
  94  9:46  Nexus  
  94  9:51  Probe x2  
  94  9:55  Pylon  
  94  9:58  Nexus  
  92  10:00  Forge  
  92  10:01  Pylon, Gateway  
  92  10:03  Probe x2  
  92  10:06  Forge  
  94  10:07  Pylon  
  94  10:08  Gateway  
  94  10:10  Colossus (Chrono Boost)  
  94  10:12  Pylon  
  100  10:15  Pylon, Probe  
  100  10:17  Probe  
  100  10:18  Assimilator  
  100  10:20  Assimilator  
  102  10:24  Shield Battery  
  102  10:25  Pylon  
  102  10:28  Pylon  
  102  10:31  Stalker x2, Sentry  
  102  10:32  Zealot  
  108  10:52  Nexus  
  98  10:57  Zealot x3  
  98  10:58  Zealot x2  
  100  11:19  Stalker x3  
  100  11:20  Zealot  
  92  11:26  Zealot x2  
Show
View Real Time Build Order
Export as new Build Order

Nerffy Terran - Winner!

Build Orders:  

Get SALT Encoding   

  12  0:00  SCV  
  13  0:12  SCV  
  14  0:17  Supply Depot  
  14  0:24  SCV  
  15  0:38  SCV  
  15  0:40  Barracks  
  16  0:43  Refinery  
  16  0:51  SCV  
  17  1:03  SCV  
  18  1:15  SCV  
  19  1:29  Orbital Command, Barracks Reactor  
  19  1:42  Command Center  
  19  1:49  Supply Depot  
  19  1:57  SCV  
  20  2:02  Bunker  
  20  2:05  Marine  
  20  2:06  Marine  
  22  2:09  SCV  
  23  2:17  Barracks  
  23  2:21  SCV  
  24  2:25  Marine  
  24  2:26  Marine  
  26  2:33  SCV  
  27  2:38  Barracks  
  27  2:45  SCV  
  27  2:47  Marine x2  
  30  2:55  Orbital Command  
  30  2:57  SCV  
  31  3:05  Marine  
  33  3:06  Barracks Tech Lab  
  31  3:15  SCV, Engineering Bay  
  32  3:21  SCV  
  32  3:24  Marine x2  
  32  3:25  Marauder  
  37  3:27  Barracks Tech Lab  
  37  3:37  SCV  
  37  3:38  SCV  
  39  3:41  Terran Infantry Weapons Level 1  
  39  3:42  Supply Depot  
  39  3:44  Stimpack  
  39  3:46  Marauder  
  41  3:49  SCV, Marauder  
  41  3:54  SCV  
  41  3:55  Supply Depot  
  45  3:57  Marine  
  46  4:03  SCV, Marine  
  46  4:06  SCV  
  46  4:08  Supply Depot, Marauder  
  51  4:11  Combat Shield  
  51  4:15  Marine  
  51  4:16  SCV  
  53  4:19  SCV  
  53  4:21  Marine  
  53  4:22  Marauder  
  57  4:28  SCV  
  57  4:30  Supply Depot  
  57  4:31  SCV, Marauder  
  60  4:36  Marine  
  62  4:40  SCV  
  62  4:44  SCV, Marauder, Marine  
  65  4:53  Supply Depot, SCV  
  65  4:56  Command Center, SCV  
  64  5:01  Marauder, Marine  
  64  5:05  SCV  
  64  5:07  Refinery  
  66  5:08  SCV  
  66  5:09  Refinery  
  66  5:12  Marine, Marauder  
  66  5:19  Marine  
  66  5:21  SCV x2  
  64  5:23  Marauder  
  65  5:30  Marine  
  65  5:33  SCV, Marine, Refinery  
  61  5:44  Marauder, Marine  
  61  5:47  Marine  
  61  5:49  SCV  
  62  5:50  SCV, Concussive Shells  
  62  5:51  Marauder  
  62  5:55  Barracks, Factory  
  62  5:56  Barracks  
  64  6:00  Terran Infantry Armor Level 1  
  64  6:01  SCV  
  64  6:02  SCV  
  66  6:05  Marine  
  66  6:06  Marine  
  68  6:14  SCV x2, Marauder  
  68  6:15  Marauder  
  75  6:19  Orbital Command  
  74  6:26  SCV x2, Marine x2  
  78  6:36  Marauder  
  78  6:37  Engineering Bay  
  78  6:38  SCV x2, Marauder  
  84  6:40  Armory  
  84  6:41  Factory Reactor  
  84  6:42  Starport  
  84  6:44  Marine  
  85  6:50  SCV  
  85  6:53  Marine x2  
  86  6:54  Orbital Command  
  86  6:57  SCV, Marauder  
  84  7:06  Barracks Tech Lab x2  
  84  7:07  Marine  
  82  7:10  SCV x2  
  82  7:11  Marine  
  82  7:13  Supply Depot  
  85  7:19  Marauder  
  85  7:20  SCV  
  85  7:22  SCV  
  89  7:26  Barracks Tech Lab, Marine, Marauder x2  
  89  7:29  Supply Depot  
  94  7:31  SCV  
  94  7:34  SCV  
  94  7:36  Supply Depot  
  96  7:38  Medivac x2  
  96  7:39  SCV  
  96  7:40  Terran Infantry Weapons Level 2, Marauder  
  96  7:42  Supply Depot, Factory Reactor  
  96  7:43  SCV, Refinery  
  104  7:46  SCV  
  104  7:48  Marauder x2, Refinery  
  104  7:51  SCV, Marauder, Marine x2  
  113  7:53  Supply Depot  
  113  7:54  Supply Depot  
  113  7:55  Supply Depot, Terran Vehicle And Ship Armor Level 1  
  113  7:56  SCV  
  113  7:58  SCV  
  116  7:59  Supply Depot  
  116  8:01  Marauder  
  118  8:08  Marine  
  118  8:09  Marauder  
  118  8:10  Marauder  
  123  8:15  Marine, Marauder  
  124  8:22  Marine  
  124  8:26  Marine  
  126  8:30  Marine  
  126  8:33  Marine  
  124  8:37  Marauder  
  124  8:39  Barracks Tech Lab  
  124  8:40  Marine  
  126  8:44  Marine  
  126  8:46  Command Center, Barracks  
  126  8:47  Medivac x2  
  126  8:48  Barracks  
  131  8:49  Marauder  
  131  8:51  Marine  
  134  8:58  Marauder x2  
  134  9:02  Marauder, Marine  
  137  9:09  Marine  
  134  9:10  Marauder  
  126  9:19  Marine x2  
  126  9:20  Marine  
  126  9:24  Marauder  
  131  9:26  Marine  
  131  9:31  Marine  
  121  9:37  Marine x2  
  121  9:38  Marine  
  118  9:44  Marine  
  118  9:45  Marauder  
  121  9:49  Marine  
  121  9:54  Marine  
  121  9:55  Marine x2  
  121  9:56  Barracks Tech Lab  
  121  9:59  Viking  
  126  10:00  Viking, Widow Mine  
  126  10:01  Widow Mine  
  126  10:02  Marine  
  126  10:03  Barracks Tech Lab  
  126  10:06  SCV x3, Marauder  
  138  10:07  Marauder  
  138  10:12  Marine  
  138  10:13  Marine x2  
  143  10:15  Marauder  
  143  10:19  SCV  
  143  10:20  Marine  
  143  10:21  Marine  
  148  10:22  Widow Mine x2  
  148  10:25  Planetary Fortress  
  148  10:28  Marauder, Missile Turret  
  154  10:29  Marauder  
  154  10:31  Marine, Marauder x2  
  161  10:35  Marine  
  161  10:38  Marine  
  161  10:39  Marauder  
  165  10:49  Marauder, Marine x2  
  163  10:52  Marauder, Marine  
  163  10:53  Marine  
  163  10:55  Marine  
  156  11:00  Marauder  
  158  11:07  Marine x2  
  158  11:10  Marauder, Marine  
  163  11:12  Marauder  
  163  11:13  Marine x2  
Tags
 
Add a new tag
Caveats
  • Supply blocks, unpowered buildings, or Contaminate may cause inaccurate times.
  • Supply counts are checked every 10 seconds.